 Dungeon Crawl Stone Soup version 0.24-a0-445-gd5110b030a (webtiles) character file.

Game seed: 1123690391517893096

9645 theanonym the Martial Artist (level 11, -1/105 HPs)
             Began as a Black Draconian Transmuter on June 22, 2019.
             Was a Believer of Cheibriados.
             Slain by a killer bee (10 damage)
             ... on level 10 of the Dungeon.
             The game lasted 00:25:50 (10677 turns).

theanonym the Martial Artist (DrTm)                Turns: 10677, Time: 00:25:50

Health: -1/105     AC: 10    Str: 26    XL:     11   Next: 25%
Magic:  14/15      EV: 16    Int: 22    God:    Cheibriados [**....]
Gold:   332        SH:  5    Dex: 24    Spells: 5/16 levels left

rFire    x . .     SeeInvis .     - Unarmed
rCold    + + +     Gourm    .   (shield currently unavailable)
rNeg     . . .     Faith    .   (armour unavailable)
rPois    +         Spirit   .   (helmet currently unavailable)
rElec    .         Reflect  +   (cloak currently unavailable)
rCorr    .         Harm     .   (gloves currently unavailable)
MR       .....                  (boots currently unavailable)
Stlth    +++.......             l - +5 amulet of reflection
HPRegen  0.27/turn              C - +3 ring of strength
MPRegen  0.14/turn              z - +2 ring of protection

@: mighty, agile, lethally poisoned (-1 -> -3), ice-form, very slightly
contaminated, very slow
A: large, (breathe lightning), unfitting armour, AC +7
a: End Transformation, Bend Time, Renounce Religion


Innate Abilities, Weirdness & Mutations

((You can breathe wild blasts of lightning.))
((Your glossy black scales are hard. (AC +7)))
You cannot fit into any form of body armour.
((You are resistant to electric shocks. (rElec)))
((You are cold-blooded and may be slowed by cold attacks.))


   Skills:
 + Level 5.5 Fighting
 + Level 2.5 Dodging
 * Level 12.7 Unarmed Combat
 - Level 3.0 Spellcasting
 + Level 9.7 Transmutations
 - Level 5.0 Ice Magic


You had 5 spell levels left.
You knew the following spells:

 Your Spells              Type           Power        Failure   Level  Hunger
a - Blade Hands           Tmut           #####.....   6%          5    ######.
b - Ice Form              Ice/Tmut       #####...     6%          4    ####...
c - Sticks to Snakes      Tmut           #####...     1%          2    ##.....

Your spell library contained the following spells:

 Spells                   Type           Power        Failure   Level  Hunger
 Beastly Appendage        Tmut           #####.       1%          1    None
 Spider Form              Tmut/Pois      ###.......   4%          3    ###....
 Poisonous Vapours        Pois/Air       #.....       19%         2    ##.....
 Conjure Flame            Conj/Fire      #.......     36%         3    ###....
 Mephitic Cloud           Conj/Pois/Air  #.......     36%         3    ###....
 Freezing Cloud           Conj/Ice/Air   ##........   100%        6    #######
 Ring of Flames           Chrm/Fire      #.........   100%        7    #######

Skill      XL: |  1  2  3  4  5  6  7  8  9 10 11 |
---------------+----------------------------------+-----
Unarmed Combat | 4 5 7 8 10 12 | 12.7
Transmutations | 3 4 5 6 8 9 |  9.7
Ice Magic      | 1 3 4 5 |  5.0
Spellcasting   | 3 |  3.0
Fighting       | 5 |  5.5
Dodging        | 2 |  2.5

Action                   |  1- 3 |  4- 6 |  7- 9 | 10-12 || total
-------------------------+-------+-------+-------+-------++-------
Melee: Unarmed           |   108 |   141 |   386 |   149 ||   784
       Tailslap          |    10 |    19 |    28 |     4 ||    61
       Kick              |     6 |    21 |    26 |       ||    53
       Punch             |     1 |     3 |     5 |     2 ||    11
       Headbutt          |       |     9 |     1 |       ||    10
       Mace              |       |       |       |     8 ||     8
 Cast: Beastly Appendage |    10 |    17 |    13 |       ||    40
       Sticks to Snakes  |     3 |     2 |     5 |     3 ||    13
       Ice Form          |       |       |    21 |    13 ||    34
       Blade Hands       |       |       |       |     1 ||     1
 Abil: Breathe Lightning |       |       |     4 |     1 ||     5
       End Transformatio |       |       |     1 |     3 ||     4
Evoke: Wand              |       |       |       |     1 ||     1
  Use: Scroll            |     3 |     2 |    17 |     4 ||    26
       Potion            |     1 |     3 |       |     4 ||     8
 Stab: Sleeping          |     1 |       |     1 |       ||     2
       Invisible         |     1 |       |       |     2 ||     3
  Eat: Chunk             |     2 |     7 |    16 |     4 ||    29
       Ration            |       |       |     2 |     1 ||     3
Armor: Skin              |    30 |    48 |   116 |    35 ||   229
Dodge: Dodged            |    59 |   110 |   152 |    96 ||   417
Block: Other             |       |       |    60 |    28 ||    88
       Reflection        |       |       |       |     1 ||     1

Inventory:

Hand Weapons
 a - the +5 mace "Goutuceb" (melded) {flame, Str-3 Int+9 Dex+6}

   It has been specially enchanted to burn those struck by it, causing extra
   injury to most foes and up to half again as much damage against particularly
   susceptible opponents.
   It affects your strength (-3).
   It affects your intelligence (+9).
   It affects your dexterity (+6).
Missiles
 G - 90 arrows
Armour
 d - a +0 pair of boots (melded)
 y - a +0 pair of gloves (melded)
 E - a +1 cloak (melded)
Jewellery
 i - an uncursed ring of poison resistance
 l - a +5 amulet of reflection (around neck)
 s - an uncursed ring of wizardry
 x - an uncursed ring of positive energy
 z - a +2 ring of protection (right front paw)
 C - a +3 ring of strength (left front paw)
Wands
 v - a wand of acid (4)
 A - a wand of flame (11)
Scrolls
 f - 2 scrolls of fog
 k - 2 scrolls of immolation
 n - 6 scrolls of remove curse
 r - 3 scrolls of identify
 t - 3 scrolls of teleportation
 B - 3 scrolls of blinking
Potions
 b - 3 potions of flight
 g - a potion of mutation
 h - 2 potions of lignification
 m - a potion of might
 o - a potion of ambrosia
 q - 2 potions of cancellation
 u - a potion of magic
 w - 5 potions of curing
 F - a potion of resistance
Comestibles
 e - 16 rations


You were on level 10 of the Dungeon.
You worshipped Cheibriados.
Cheibriados was pleased with you.
You were not hungry.
You were a creature of crystalline ice.
You visited 2 branches of the dungeon, and saw 11 of its levels.
You also visited: Sewer.

You collected 518 gold pieces.
You spent 186 gold pieces at shops.

Dungeon Overview and Level Annotations

Branches:
Dungeon (10/15)            Temple (1/1) D:5            Lair (0/6) D:8
    Orc (0/2) D:10

Altars:
Ashenzari
Cheibriados
Dithmenos
Elyvilon
Fedhas
Gozag
Hepliaklqana
Kikubaaqudgha
Makhleb
Nemelex Xobeh
Okawaru
Qazlal
Ru
Sif Muna
Trog
Uskayaw
Vehumet
Wu Jian
Xom
Yredelemnul
Zin
The Shining One

Shops:
D:6 :?

Annotations:
D:9 exclusion: moth of wrath
D:10 1 transporter

##...........##
#....###.###..##
#...#########..#
#..###y###.###.#
#..##...#...##.#
#..##.#.#.#.##.#
#..##.y.#y.y##.#
##[.#y#y#.#.#$#.#
#...#.Y#y..#.[#.##
#..©#©.#.#.#.©#©.#
##.#.#..#.. #.[#..#
#..#.#.#.#.#.#(#..#
#.##.##...#...##..#
#######.##.#*.###.#.*#..#
#..>.......##...#...*#..#
#..........###.# #y###..#
#...........#########...#


You could see a queen bee, a hornet and a killer bee (berserk).

Notes
Turn   | Place    | Note
-------+----------+-------------------------------------------
     0 | D:1      | theanonym the Draconian Transmuter began the quest for the
                  | Orb.
     0 | D:1      | Reached XP level 1. HP: 16/16 MP: 3/3
   231 | D:1      | Reached XP level 2. HP: 23/23 MP: 5/5
   235 | D:1      | Learned a level 2 spell: Sticks to Snakes
   796 | D:1      | HP: 11/23 [leopard gecko (5)]
   801 | D:1      | Reached XP level 3. HP: 8/28 MP: 4/6
  1217 | D:2      | Noticed Sigmund
  1439 | D:2      | HP: 6/28 [Sigmund/+0 scythe (12)]
  1445 | D:2      | Killed Sigmund
  1445 | D:2      | Reached skill level 4 in Unarmed Combat
  1445 | D:2      | Reached skill level 3 in Transmutations
  1445 | D:2      | Reached XP level 4. HP: 8/35 MP: 0/7
  1897 | D:2      | Found a radiant altar of Vehumet.
  1949 | D:3      | Found a glowing drain.
  1949 | D:3      | Noticed Grinder
  1950 | D:3      | Paralysed by Grinder for 7 turns
  1964 | Sewer    | Entered a sewer
  1970 | Sewer    | HP: 17/35 [rat (3)]
  1971 | Sewer    | Reached XP level 5. HP: 20/40 MP: 4/8
  1975 | Sewer    | HP: 7/40 [river rat (6)]
  2282 | Sewer    | Reached skill level 4 in Transmutations
  2306 | Sewer    | Reached skill level 5 in Unarmed Combat
  2413 | Sewer    | Found a white marble altar of Elyvilon.
  2672 | D:3      | Learned a level 4 spell: Ice Form
  2721 | D:3      | Reached XP level 6. HP: 44/47 MP: 9/9
  2795 | D:3      | Noticed a +0 dagger
  2796 | D:3      | Noticed a +0 hand axe
  2799 | D:3      | Found a hide-covered altar of Uskayaw.
  3128 | D:3      | Killed Grinder
  3128 | D:3      | Reached skill level 1 in Ice Magic
  3173 | D:3      | Found a sacrificial altar of Ru.
  3254 | D:3      | Noticed Terence
  3262 | D:3      | Reached skill level 5 in Transmutations
  3270 | D:3      | Killed Terence
  3270 | D:3      | Your scales start taking on a glossy black colour.
  3270 | D:3      | Reached XP level 7. HP: 29/52 MP: 10/10
  3270 | D:3      | Gained mutation: You are resistant to electric shocks.
                  | (rElec) [Black Draconian growth]
  3271 | D:3      | HP: 17/52 [bounced beam (12)]
  3629 | D:4      | Reached skill level 6 in Unarmed Combat
  3740 | D:4      | Found a runed translucent gate.
  3741 | D:4      | Found a runed translucent gate.
  3742 | D:4      | Found a runed translucent gate.
  3743 | D:4      | Noticed forest's ghost (amateur SpAs)
  3839 | D:4      | Reached skill level 2 in Ice Magic
  4288 | D:4      | Reached skill level 3 in Spellcasting
  4291 | D:4      | Killed forest's ghost
  4305 | D:4      | theanonym: !lg goodplayers !boring win dr s=race
  4305 | D:4      | meem: 2678 games for goodplayers (!boring win dr): 436x
                  | Grey Draconian, 366x Red Draconian, 336x Purple Draconian,
                  | 322x Green Draconian, 278x White Draconian, 264x Pale
                  | Draconian, 258x Black Draconian, 257x Yellow Draconian,
                  | 161x Mottled Draconian
  4305 | D:4      | theanonym: !lg goodplayers !boring win dr s=race -graph:pie
  4305 | D:4      | meem: 2678 games for goodplayers (!boring win dr):
                  | https://shalott.org/graphs/2d99dc3f3fa396f4d58cee6ec45b9c9a
                  | 4a57a33b.html
  4382 | D:5      | Entered Level 5 of the Dungeon
  4506 | D:5      | Reached skill level 7 in Unarmed Combat
  4506 | D:5      | Reached skill level 3 in Ice Magic
  4506 | D:5      | Reached XP level 8. HP: 59/59 MP: 7/12
  4625 | D:5      | Found a staircase to the Ecumenical Temple.
  4635 | Temple   | Entered the Ecumenical Temple
  4799 | D:5      | Found a hazy altar of Hepliaklqana.
  4854 | D:5      | HP: 32/70 [something (6)]
  5259 | D:5      | Found an iron altar of Okawaru.
  5264 | D:5      | Reached skill level 6 in Transmutations
  5332 | D:5      | Learned a level 5 spell: Blade Hands
  5622 | D:6      | Found Tor Lebo's Book Emporium.
  5728 | D:6      | Found a deep blue altar of Sif Muna.
  5751 | D:6      | Found a shattered altar of Ashenzari.
  5785 | D:6      | Reached skill level 8 in Unarmed Combat
  5785 | D:6      | Reached skill level 4 in Ice Magic
  5917 | D:6      | Found Doijeij's Magic Scroll Shop.
  5943 | D:6      | Bought a scroll of blinking for 90 gold pieces
  5943 | D:6      | Bought 2 scrolls of identify for 48 gold pieces
  5943 | D:6      | Bought a scroll of identify for 24 gold pieces
  5943 | D:6      | Bought a scroll of identify for 24 gold pieces
  6675 | D:6      | Identified the +3 whip "Xeomut" {pain, +Inv rC+ Str-5
                  | Stlth+} (You found it on level 6 of the Dungeon)
  6688 | D:7      | Noticed a hippogriff
  6710 | D:6      | Reached XP level 9. HP: 47/64 MP: 10/13
  6714 | D:6      | HP: 38/76 [ice beast (2)]
  6719 | D:6      | HP: 21/76 [hippogriff (5)]
  6723 | D:6      | Reached skill level 9 in Unarmed Combat
  6992 | D:6      | theanonym: ??ice form
  6992 | D:6      | meem: ice form[1/2]: +20% HP, rF-, rC+++, rPois. Makes you
                  | large, which will reduce EV (for human size and smaller
                  | races). Melds all armour, but gives 5-12 AC. 12+UC base
                  | damage with freezing brand. Players in ice form can float
                  | through water, but get no aquatic bonuses and can't reach
                  | submerged items. Found in Books of Changes and Ice, L4
                  | ice/tmut.
  7012 | D:7      | Reached skill level 7 in Transmutations
  7012 | D:7      | Reached skill level 5 in Ice Magic
  7183 | D:7      | Found a glowing golden altar of the Shining One.
  7273 | D:7      | Found a snail-covered altar of Cheibriados.
  7370 | D:7      | Reached skill level 10 in Unarmed Combat
  7606 | D:7      | Became a worshipper of Cheibriados the Contemplative
  7669 | D:8      | Found a staircase to the Lair.
  7670 | D:8      | Noticed a komodo dragon
  7787 | D:8      | HP: 17/76 [komodo dragon (31)]
  7789 | D:8      | Killed a komodo dragon
  8058 | D:8      | Reached skill level 8 in Transmutations
  8105 | D:8      | HP: 38/76 [bullfrog (7)]
  8619 | D:8      | Reached XP level 10. HP: 71/71 MP: 9/14
  8637 | D:8      | Reached * piety under Cheibriados
  8684 | D:9      | Reached skill level 11 in Unarmed Combat
  8693 | D:9      | Reached skill level 2 in Fighting
  8941 | D:9      | Found a shadowy altar of Dithmenos.
  8958 | D:9      | Reached skill level 3 in Fighting
  9024 | D:9      | Found a sparkling altar of Nemelex Xobeh.
  9102 | D:9      | Noticed a moth of wrath
  9130 | D:9      | Found a bloodstained altar of Trog.
  9244 | D:10     | Entered Level 10 of the Dungeon
  9270 | D:10     | Reached ** piety under Cheibriados
  9308 | D:10     | Identified the +5 mace "Goutuceb" {flame, Str-3 Int+9
                  | Dex+6} (You found it on level 10 of the Dungeon)
  9449 | D:10     | Reached skill level 9 in Transmutations
  9452 | D:10     | Noticed a centaur warrior
  9459 | D:10     | HP: 41/93 [centaur warrior/+4 battleaxe of freezing (11)]
  9460 | D:10     | Noticed a four-headed hydra
  9463 | D:10     | Killed a centaur warrior
  9463 | D:10     | Reached skill level 4 in Fighting
  9463 | D:10     | Reached skill level 12 in Unarmed Combat
  9607 | D:10     | Identified the cursed +0 glaive "Quxtilic" {drain, +Blink
                  | rElec rF+}
  9616 | D:10     | HP: 48/96 [tengu conjurer/the cursed +0 glaive "Quxtilic"
                  | {drain, +Blink rElec rF+} (5)]
  9811 | D:10     | Found a staircase to the Orcish Mines.
  9843 | D:10     | Found a transporter.
  9843 | D:10     | Noticed hitsuchi's ghost (journeyman OpFi)
  9847 | D:10     | Found a transporter.
  9915 | D:10     | Noticed a white ugly thing
  9915 | D:10     | Noticed a purple ugly thing
  9927 | D:10     | Killed a white ugly thing
  9932 | D:10     | Killed a purple ugly thing
  9932 | D:10     | Reached skill level 5 in Fighting
  9932 | D:10     | Reached XP level 11. HP: 65/86 MP: 11/15
 10260 | D:10     | Reached skill level 2 in Dodging
 10328 | D:10     | Killed a four-headed hydra
 10520 | D:10     | Found a transporter.
 10522 | D:10     | Found a transporter.
 10662 | D:10     | Killed hitsuchi's ghost
 10669 | D:10     | HP: 43/105 [hornet (13)]
 10676 | D:10     | HP: 29/105 [killer bee (8)]
 10677 | D:10     | HP: 9/105 [queen bee (12)]
 10677 | D:10     | Slain by a killer bee

Vanquished Creatures
  A hydra (D:10)
  A centaur warrior (D:10)
  The ghost of hitsuchi the Blocker, a journeyman OpFi of Makhleb (D:10)
  2 ugly things (D:10)
  A komodo dragon (D:8)
  A tengu conjurer (D:10)
  A hornet (D:9)
  Grinder (D:3)
  5 hippogriffs
  Sigmund (D:2)
  A wyvern (D:9)
  2 wraiths (D:10)
  A hungry ghost (D:9)
  The ghost of forest the Covert, an amateur SpAs of Dithmenos (D:4)
  A water moccasin (D:10)
  A black bear (D:9)
  A hornet zombie (D:6)
  4 ice beasts
  An orc warrior (D:8)
  3 phantoms
  5 sky beasts
  A necrophage (D:9)
  4 ogres
  A centaur (D:6)
  2 big kobolds
  7 bullfrogs
  A water moccasin zombie (D:7)
  4 scorpions
  A howler monkey (D:4)
  2 crimson imps
  4 bullfrog zombies
  5 hounds
  2 jellies (D:7)
  4 orc priests
  3 centaur skeletons
  6 orc wizards
  2 bullfrog skeletons
  2 iguanas
  Terence (D:3)
  10 worker ants
  A hound zombie (D:5)
  4 hound skeletons
  A worker ant zombie (D:5)
  A howler monkey zombie (D:7)
  8 gnolls
  8 adders
  4 shadow imps
  An ooze (D:1)
  2 adder skeletons
  8 worms
  5 leopard geckos
  24 orcs
  2 ball pythons (D:3)
  4 giant cockroaches
  7 hobgoblins
  13 jackals
  3 quokkas
  7 bats
  4 frilled lizards
  10 goblins
  A jackal skeleton (D:4)
  12 kobolds
  A leopard gecko zombie (D:9)
  15 rats
244 creatures vanquished.

Vanquished Creatures (collateral kills)
  A river rat (Sewer)
  A hobgoblin (D:2)
  A rat (Sewer)
3 creatures vanquished.

Vanquished Creatures (others)
  4 plants (D:8)
4 creatures vanquished.

Grand Total: 251 creatures vanquished

Table legend:
 A = Turns spent in this place as a percentage of turns spent in the entire game.
 B = Non-inter-level travel turns spent in this place as a percentage of non-inter-level travel turns spent in the entire game.
 C = Inter-level travel turns spent in this place as a percentage of turns spent in this place.
 D = Turns resting spent in this place as a percentage of non-inter-level travel turns spent in this place.
 E = Turns spent auto-exploring this place as a percentage of non-inter-level travel turns spent in this place.
 F = Non-inter-level travel turns spent in this place divided by the number of levels of this place that you've seen.
                   A       B       C       D       E      F
               +-------+-------+-------+-------+-------+----------------------
         Total | 100.0 | 100.0 |   7.2 |  28.7 |  51.6 | 825.9
       Dungeon |  94.4 |  94.0 |   7.5 |  27.3 |  53.0 | 932.1
        Temple |   0.8 |   0.8 |   6.0 |   0.0 |  96.2 |  78.0
         Sewer |   4.8 |   5.2 |   0.0 |  59.8 |  19.9 | 512.0
               +-------+-------+-------+-------+-------+----------------------
